 Dungeon Crawl Stone Soup version 0.20.0-15-g7f486f2 (webtiles) character file.

596 NoNouf the Skirmisher (level 7, -3/59 HPs)
             Began as a Human Fighter on June 20, 2017.
             Slain by an ogre
             ... wielding a +0 giant club
              (18 damage)
             ... on level 4 of the Dungeon.
             The game lasted 00:28:12 (4065 turns).

NoNouf the Skirmisher (Human Fighter)               Turns: 4065, Time: 00:28:13

Health: -3/59      AC: 15    Str: 16    XL:     7   Next: 67%
Magic:  7/7        EV:  2    Int:  9    God:
Gold:   152        SH:  9    Dex: 14    Spells: 6/6 levels left

rFire    . . .     SeeInvis .   a - +0 long sword
rCold    . . .     Gourm    .   c - +0 shield
rNeg     + . .     Faith    .   t - +0 plate armour
rPois    .         Spirit   .   d - +0 helmet
rElec    .         Reflect  .   j - +0 cloak
rCorr    .         Harm     .   (no gloves)
MR       .....                  (no boots)
Stlth    ..........             (no amulet)
Regen    0.2/turn               k - ring of positive energy
MPRegen  0.1/turn               (no ring)

@: no status effects
A: no striking features
a: no special abilities


You were on level 4 of the Dungeon.
You were not hungry.

You visited 1 branch of the dungeon, and saw 4 of its levels.

You collected 152 gold pieces.

Inventory:

Hand Weapons
 a - a +0 long sword (weapon)
Armour
 c - a +0 shield (worn)
 d - a +0 helmet (worn)
 j - a +0 cloak (worn)
 t - a +0 plate armour (worn)
Jewellery
 k - a ring of positive energy (left hand)
 v - an uncursed ring of wizardry
Scrolls
 e - 4 scrolls of identify
 g - 2 scrolls of enchant armour {unknown}
 h - a scroll of fog {unknown}
 m - 2 scrolls of teleportation {unknown}
 r - 3 scrolls of remove curse {unknown}
 s - a scroll of enchant weapon {unknown}
 x - a scroll of fear {unknown}
Potions
 n - a potion of brilliance {unknown}
 o - a potion of lignification {unknown}
 q - a potion of magic {unknown}
 u - a potion of flight {unknown}
 w - a potion of agility {unknown}
Comestibles
 b - a chunk of flesh
 f - 3 bread rations
 l - 3 fruits
 p - 2 meat rations


   Skills:
 * Level 6.5 Fighting
 - Level 2.0 Long Blades
 + Level 5.9 Armour
 - Level 3.0 Shields


You had 6 spell levels left.
You didn't know any spells.

Dungeon Overview and Level Annotations

Branches:
Dungeon (4/15)
 Temple: D:4-7

Altars:
Cheibriados
Ru
Trog


Message History

Some of the chunks of flesh in your inventory have rotted away.
You are too injured to fight recklessly!
You hit the ogre but do no damage.
The ogre is almost dead.
The ogre hits you with a giant club!
Your plate armour prevents you from hitting the ogre.
The ogre is almost dead.
The ogre hits you but does no damage.
You completely miss the ogre.
The ogre is almost dead.
The ogre hits you with a giant club.
* * * LOW HITPOINT WARNING * * *
You hit the ogre but do no damage.
The ogre is almost dead.
The ogre barely misses you.
You riposte.
You hit the ogre.
The ogre is almost dead.
You barely miss the ogre.
The ogre is almost dead.
The ogre hits you with a giant club!!
You die...

.# ### .#
##.##########.#
#.............#
#.....#########
#########.####
##..#..###.##.## .
#........O.....# ..
#.....).@<.....#
...#.#..<.........#
....#.#...........##
#..#...#.#'###.....#
#.....#..###..####
#.≈≈≈.#....#...#
#≈...≈#....#...#
#≈._.≈#....'...#
#≈...≈#...##...#


You could see an ogre.

Vanquished Creatures
  The ghost of Hook the Chucker, an amateur OgHu (D:3)
  An ogre (D:3)
  A hound (D:3)
  A worker ant (D:3)
  Robin (D:3)
  7 adders
  3 oozes
  4 worms
  3 dart slugs
  2 leopard geckos (D:2)
  15 orcs
  5 giant cockroaches
  19 goblins
  6 hobgoblins
  4 jackals (D:1)
  2 quokkas
  2 ball pythons
  6 bats
  7 frilled lizards
  7 kobolds
  5 rats
102 creatures vanquished.

Notes
Turn   | Place    | Note
-------+----------+-------------------------------------------
     0 | D:1      | NoNouf the Human Fighter began the quest for the Orb.
     0 | D:1      | Reached XP level 1. HP: 18/18 MP: 1/1
   106 | D:1      | Reached XP level 2. HP: 24/24 MP: 2/2
   419 | D:1      | Reached XP level 3. HP: 29/29 MP: 3/3
   774 | D:1      | You fall through a shaft!
   881 | D:3      | Noticed Hook's ghost (amateur OgHu)
  1279 | D:2      | Reached XP level 4. HP: 35/37 MP: 4/4
  1437 | D:1      | Reached skill level 4 in Fighting
  2248 | D:2      | Reached XP level 5. HP: 42/43 MP: 5/5
  2525 | D:3      | Noticed Robin
  2569 | D:3      | Killed Robin
  2663 | D:3      | Reached XP level 6. HP: 47/50 MP: 6/6
  2684 | D:3      | Reached skill level 5 in Fighting
  2734 | D:3      | Killed Hook's ghost
  2734 | D:3      | Reached skill level 6 in Fighting
  2734 | D:3      | Reached skill level 5 in Armour
  2734 | D:3      | Reached XP level 7. HP: 36/58 MP: 7/7
  2894 | D:3      | Found a snail-covered altar of Cheibriados.
  2960 | D:3      | Found a bloodstained altar of Trog.
  3664 | D:4      | Found a sacrificial altar of Ru.
  4065 | D:4      | Slain by an ogre

Skill      XL: |  1  2  3  4  5  6 |
---------------+-------------------+-----
Fighting       | 4 6 |  6.5
Armour         | 4 5 |  5.9
Long Blades    | |  2.0
Shields        | |  3.0

Action                   |  1- 3 |  4- 6 |  7- 9 || total
-------------------------+-------+-------+-------++-------
Melee: Long sword        |   105 |   269 |   136 ||   510
  Use: Scroll            |     1 |       |     1 ||     2
       Potion            |       |     2 |     1 ||     3
  Eat: Chunk             |     1 |     5 |     5 ||    11
       Fruit             |       |     1 |       ||     1
Armor: Scale mail        |    48 |     5 |       ||    53
       Plate armour      |       |   190 |   106 ||   296
Dodge: Dodged            |    27 |    35 |     8 ||    70
Block: Shield            |    43 |   145 |    80 ||   268
       Rpst.: Long sword |     8 |    11 |     4 ||    23
